 Dungeon Crawl Stone Soup version 0.23.2-1-ga50397a6bc (webtiles) character file.

Game seed: 17441373799669305622

493 Lennu the Slasher (level 6, -1/48 HPs)
             Began as a Demonspawn Berserker on Apr 20, 2019.
             Was a Believer of Trog.
             Slain by a manticore (6 damage)
             ... summoned by a worldbinder
             ... on level 2 of the Abyss.
             The game lasted 00:14:00 (4022 turns).

Lennu the Slasher (Demonspawn Berserker)            Turns: 4022, Time: 00:14:00

Health: -1/48      AC:  9    Str: 18 (19) XL:     6   Next: 92%
Magic:  5/5        EV: 11    Int:  9 (12) God:    Trog [**....]
Gold:   168        SH:  0    Dex: 13 (15) Spells: 5/5 levels left

rFire    . . .     SeeInvis +   g - +0 long sword
rCold    . . .     Gourm    .   (no shield)
rNeg     . . .     Faith    .   m - +0 ring mail
rPois    .         Spirit   .   (no helmet)
rElec    .         Reflect  .   o - +2 cloak
rCorr    +         Harm     .   (no gloves)
MR       .....                  n - +0 pair of boots
Stlth    ++........             (no amulet)
HPRegen  0.16/turn              p - ring "Tozu" {Int+4 SInv}
MPRegen  0.09/turn              j - ring of resist corrosion

@: mesmerised
A: claws 2, thin skeletal structure 1, demonic guardian 1, low mp 1
a: Berserk, Trog's Hand, Renounce Religion


You were on level 2 of the Abyss.
You worshipped Trog.
Trog was pleased with you.
You were not hungry.

You visited 1 branch of the dungeon, and saw 4 of its levels.
You visited the Abyss 1 time.

You collected 168 gold pieces.

Inventory:

Hand Weapons
 g - a +0 long sword (weapon)
Armour
 m - a +0 ring mail (worn)
 n - a +0 pair of boots (worn)
 o - a +2 cloak (worn)
Jewellery
 f - an uncursed ring of stealth
 j - a ring of resist corrosion (right claw)
 p - the ring "Tozu" (left claw) {Int+4 SInv}
   (You found it on level 4 of the Dungeon)

   [ring of see invisible]

   It affects your intelligence (+4).
   It lets you see invisible.
Wands
 d - a wand of flame (19)
Scrolls
 e - 4 scrolls of teleportation
 h - a scroll of blinking {unknown}
 k - a scroll of immolation
 q - a scroll of identify
 r - a scroll of enchant armour {unknown}
Potions
 b - 3 potions of curing
 i - a potion of might
 l - a potion of magic
Comestibles
 c - 4 rations


   Skills:
 + Level 4.2 Fighting
 + Level 5.2 Long Blades
 + Level 2.7 Armour
 + Level 2.5 Dodging
 * Level 2.5 Stealth


You had 5 spell levels left.
You didn't know any spells.
Your spell library was empty.

Dungeon Overview and Level Annotations

Branches:
Dungeon (4/15)
 Temple: D:4-7

Altars:
Makhleb


Innate Abilities, Weirdness & Mutations

You have very sharp fingernails.
You have a somewhat thin skeletal structure. (Dex +2, Stealth)
A weak demonic guardian rushes to your aid.
Your magical capacity is low. (-10% MP)


Message History

Your shadow imp dies!
The merfolk siren chants its luring song.
A large abomination comes into view.
The neqoxec gestures.
The merfolk siren hits you from afar with a +0 spear.
The merfolk siren chants its luring song.
The manticore bites you. The manticore claws you.
* * * LOW HITPOINT WARNING * * *
The manticore claws you but does no damage.
You cannot move away from the merfolk siren!
You closely miss the merfolk siren. The worldbinder hits you.
* * * LOW HITPOINT WARNING * * *
The worldbinder closely misses you. The worldbinder hits you.
* * * LOW HITPOINT WARNING * * *
The worldbinder barely misses you. The merfolk siren closely misses you.
Tentacles burst from the starspawn's body!
The manticore completely misses you. The manticore claws you.
* * * LOW HITPOINT WARNING * * *
The manticore claws you.
You die...

.# .# # .#
#.###'#####
.#.......#
'.......#
#.......#
#########@m...X.#
#.......5xH......
.....#ww..m....#
#.##.#X###.#####
####.#3# .#
#..#.#.# .# #
#.#.#5###.#
.#.......... .
#.#.#. .#... ..


You could see a tentacled starspawn, a manticore, a large abomination, 2 merfolk
sirens, a worldbinder, a neqoxec, 2 starspawn tentacles and a friendly shadow
imp.

Vanquished Creatures
  A phantom (D:4)
  An ogre (D:4)
  A scorpion (D:3)
  Crazy Yiuf (D:3)
  A bullfrog skeleton (D:4)
  Terence (D:2)
  Ijyb (D:3)
  3 worker ants
  2 adders
  3 gnolls (D:4)
  2 oozes
  2 worms
  A dart slug (D:1)
  2 leopard geckos
  3 orcs (D:4)
  A ball python (D:2)
  4 giant cockroaches
  4 goblins
  8 hobgoblins
  4 jackals (D:3)
  15 kobolds
  A quokka (D:3)
  8 bats
  A frilled lizard (D:2)
  2 rats (D:3)
73 creatures vanquished.

Vanquished Creatures (collateral kills)
  2 kobolds (D:4)
2 creatures vanquished.

Grand Total: 75 creatures vanquished

Notes
Turn   | Place    | Note
-------+----------+-------------------------------------------
     0 | D:1      | Lennu the Demonspawn Berserker began the quest for the Orb.
     0 | D:1      | Reached XP level 1. HP: 18/18 MP: 1/1
   223 | D:1      | Gained mutation: You have sharp fingernails. [demonic
                  | ancestry]
   223 | D:1      | Reached XP level 2. HP: 22/24 MP: 2/2
   480 | D:1      | Reached skill level 3 in Long Blades
  1084 | D:2      | Gained mutation: A weak demonic guardian rushes to your
                  | aid. [demonic ancestry]
  1084 | D:2      | Reached XP level 3. HP: 29/29 MP: 3/3
  1452 | D:2      | Found a burning altar of Makhleb.
  1452 | D:2      | Noticed a cacodemon
  1455 | D:2      | Noticed a neqoxec
  1455 | D:2      | Noticed an orange demon
  1690 | D:2      | Reached ** piety under Trog
  1694 | D:2      | Noticed Terence
  1707 | D:2      | Killed Terence
  1707 | D:2      | Gained mutation: You have very sharp fingernails. [demonic
                  | ancestry]
  1707 | D:2      | Reached XP level 4. HP: 34/37 MP: 4/4
  1859 | D:3      | Reached skill level 4 in Long Blades
  2211 | D:3      | Gained mutation: You have a somewhat thin skeletal
                  | structure. (Dex +2, Stealth) [demonic ancestry]
  2211 | D:3      | Reached XP level 5. HP: 39/42 MP: 5/5
  2220 | D:3      | Reached skill level 1 in Stealth
  2685 | D:3      | Noticed Ijyb
  2694 | D:3      | Killed Ijyb
  2983 | D:3      | Found a runed translucent door.
  2984 | D:3      | Noticed Crazy Yiuf
  2993 | D:3      | Killed Crazy Yiuf
  3296 | D:4      | Reached XP level 6. HP: 42/48 MP: 6/6
  3426 | D:4      | Got a bound amber ring
  3428 | D:4      | Identified the ring "Tozu" {Int+4 SInv} (You found it on
                  | level 4 of the Dungeon)
  3488 | D:4      | Reached skill level 5 in Long Blades
  3945 | D:4      | Cast into level 2 of the Abyss (big kobold)
  3968 | Abyss:2  | Noticed a wretched star
  4006 | Abyss:2  | Noticed a worldbinder
  4012 | Abyss:2  | Noticed a neqoxec
  4014 | Abyss:2  | Noticed a tentacled starspawn
  4014 | Abyss:2  | Gained mutation: Your magical capacity is low. (-10% MP) [a
                  | neqoxec]
  4016 | Abyss:2  | Noticed a merfolk siren
  4016 | Abyss:2  | Noticed a merfolk siren
  4017 | Abyss:2  | Noticed a merfolk siren
  4017 | Abyss:2  | Noticed a manticore
  4017 | Abyss:2  | Noticed a manticore
  4021 | Abyss:2  | Noticed a large abomination
  4022 | Abyss:2  | Slain by a manticore

Skill      XL: |  1  2  3  4  5  6 |
---------------+-------------------+-----
Long Blades    | 3 4 5 |  5.2
Dodging        | 2 |  2.5
Armour         | 2 |  2.7
Stealth        | 1 2 |  2.5
Fighting       | 4 |  4.2

Action                   |  1- 3 |  4- 6 || total
-------------------------+-------+-------++-------
Melee: Falchion          |   107 |    49 ||   156
       Long sword        |       |    94 ||    94
Invok: Berserk           |     3 |     6 ||     9
  Use: Scroll            |     4 |     4 ||     8
       Potion            |     3 |     3 ||     6
 Stab: Sleeping          |     1 |     5 ||     6
       Distracted        |       |     1 ||     1
  Eat: Chunk             |     1 |    11 ||    12
       Ration            |     1 |     1 ||     2
Armor: Animal skin       |    20 |       ||    20
       Chain mail        |       |    17 ||    17
       Ring mail         |       |    31 ||    31
Dodge: Dodged            |    72 |   100 ||   172
       Rpst.: Falchion   |    29 |     7 ||    36
       Long sword        |       |    29 ||    29
